 Dungeon Crawl Stone Soup version 0.21.0-25-ge575cb9 (webtiles) character file.

220540 Gorglomux the Ninja (level 18, 0/93 HPs)
             Began as a Spriggan Enchanter on Jan 22, 2018.
             Was the Champion of Dithmenos.
             Slain by a large abomination (37 damage)
             ... on level 1 of the Elven Halls on Jan 23, 2018.
             The game lasted 02:28:12 (49741 turns).

Gorglomux the Ninja (Spriggan Enchanter)           Turns: 49741, Time: 02:28:13

Health: 0/93       AC:  2    Str:  7    XL:     18   Next: 47%
Magic:  20/28      EV: 32    Int: 25    God:    Dithmenos [******]
Gold:   879        SH: 11    Dex: 19    Spells: 13/29 levels left

rFire    + + .     SeeInvis +   l - +0 short sword (elec)
rCold    + . .     Gourm    +   g - +3 buckler
rNeg     + . .     Faith    .   q - +0 robe
rPois    .         Spirit   .   L - +0 mask of the Dragon {MR+ Slay+3 SInv}
rElec    .         Reflect  .   t - scarf {rC+ rF+}
rCorr    .         Harm     .   (gloves unavailable)
MR       +++++                  (boots unavailable)
Stlth    ++++++++++             o - amulet "Zoinodd" {Gourm MR+ Dex+3}
HPRegen  0.25/turn              x - ring of stealth
MPRegen  0.21/turn              n - ring of Wexzo {rF+ rN+ Str+3}

@: wreathed by umbra, very quick
A: very small, unfitting armour, see invisible, herbivore, speed 3, slow
metabolism 2
}: 1/15 runes: serpentine
a: Shadow Step, Shadow Form, Renounce Religion


You were on level 1 of the Elven Halls.
You worshipped Dithmenos.
Dithmenos was exalted by your worship.
You were not hungry.

You visited 7 branches of the dungeon, and saw 33 of its levels.
You also visited: Labyrinth.

You collected 2677 gold pieces.
You spent 1798 gold pieces at shops.

Inventory:

Hand Weapons
 l - a +0 short sword of electrocution (weapon)
 O - a +2 short sword of draining
Missiles
 Z - 8 throwing nets (quivered)
Armour
 g - a +3 buckler (worn)
 q - a +0 robe (worn)
 t - a scarf of resistance (worn)
 L - the +0 mask of the Dragon (worn) {MR+ Slay+3 SInv}
   (You acquired it on level 2 of the Orcish Mines)

   It affects your accuracy and damage with ranged weapons and melee attacks
   (+3).
   It affects your resistance to hostile enchantments.
   It lets you see invisible.
Jewellery
 c - an uncursed ring of protection from cold
 f - an uncursed ring of protection from fire
 n - the ring of Wexzo (right hand) {rF+ rN+ Str+3}
   (You found it in a labyrinth)

   [ring of protection from fire]

   It affects your strength (+3).
   It protects you from fire.
   It protects you from negative energy.
 o - the amulet "Zoinodd" (around neck) {Gourm MR+ Dex+3}
   (You took it off a minotaur in a labyrinth)

   [amulet of the gourmand]

   It allows you to eat raw meat even when not hungry.
   It affects your dexterity (+3).
   It affects your resistance to hostile enchantments.
 x - a ring of stealth (left hand)
 z - an uncursed ring of wizardry
 D - an uncursed ring of magical power
Wands
 A - a wand of acid (10)
 E - a wand of enslavement (60)
 P - a wand of paralysis (46)
 S - a wand of scattershot (6)
Scrolls
 i - a scroll of fog
 j - 16 scrolls of remove curse
 B - 3 scrolls of blinking
 C - a scroll of fear
 F - 4 scrolls of amnesia
 G - 2 scrolls of brand weapon
 H - a scroll of holy word
 J - a scroll of summoning
 M - 3 scrolls of magic mapping
 R - 12 scrolls of identify
 T - 8 scrolls of teleportation
 V - 2 scrolls of enchant weapon
Potions
 h - 5 potions of invisibility
 m - 9 potions of might
 p - 2 potions of mutation
 s - a potion of ambrosia
 u - 6 potions of heal wounds
 y - 5 potions of lignification
 I - 4 potions of brilliance
 K - 2 potions of resistance
 N - 2 potions of magic
 Q - 6 potions of curing
 W - a potion of agility
 Y - 2 potions of haste
Books
 r - a book of Burglary

   Spells                             Type                      Level
   a - Swiftness                      Charms/Air                   2
   b - Passwall                       Transmutation/Earth          2
   c - Passage of Golubria            Translocation                4
   d - Lee's Rapid Deconstruction     Earth                        5
   e - Darkness                       Hexes                        6
   f - Invisibility                   Hexes                        6
 w - a book of Frost

   Spells                             Type                      Level
   a - Freeze                         Ice                          1
   b - Throw Frost                    Conjuration/Ice              2
   c - Ozocubu's Armour               Charms/Ice                   3
   d - Throw Icicle                   Conjuration/Ice              4
   e - Summon Ice Beast               Ice/Summoning                4
Miscellaneous
 v - a fan of gales
 U - 2 boxes of beasts
 X - a phial of floods (inert)
Comestibles
 d - 60 rations


   Skills:
 - Level 10.0 Fighting
 - Level 10.0 Short Blades
   Level 10.0 Crossbows
 - Level 15.3 Dodging
 O Level 27 Stealth
 - Level 7.2 Shields
 - Level 6.0 Spellcasting
 + Level 12.0 Hexes
 - Level 12.1 Invocations
 - Level 6.0 Evocations


You had 13 spell levels left.
You knew the following spells:

 Your Spells              Type           Power        Failure   Level  Hunger
c - Passwall              Tmut/Erth      #.........   11%         2    None
q - Dazzling Spray        Conj/Hex       #####.       1%          3    None
t - Tukima's Dance        Hex            ######..     1%          3    None
x - Confuse               Hex            ######..     1%          3    None
z - Ensorcelled Hibernat  Hex/Ice        #####.       1%          2    None
R - Regeneration          Chrm/Necr      #.........   22%         3    None


Dungeon Overview and Level Annotations

Branches:
Dungeon (15/15)            Temple (1/1) D:7            Lair (6/6) D:8
 Shoals (4/4) Lair:2        Snake (4/4) Lair:4        Slime (0/5) Lair:6
    Orc (2/2) D:9             Elf (1/3) Orc:2        Vaults (0/5) D:13
 Depths (0/5) D:15

Altars:
Ashenzari
Cheibriados
Dithmenos
Elyvilon
Fedhas
Gozag
Hepliaklqana
Kikubaaqudgha
Makhleb
Nemelex Xobeh
Okawaru
Qazlal
Ru
Sif Muna
Trog
Uskayaw
Vehumet
Wu Jian
Xom
Yredelemnul
Zin
The Shining One
Beogh

Shops:
D:10 (   D:11 :   Orc:2 **%?   Shoals:1 ([%*   Shoals:3 [   Snake:1 (

Annotations:
D:3 soepske's ghost, amateur GnFi
D:4 exclusion: upstairs
Lair:6 exclusion: 4 oklob plants
Shoals:1 Nikola
Shoals:3 Bai Suzhen
Snake:1 Roxanne


Innate Abilities, Weirdness & Mutations

You are very small and have problems with some larger weapons.
You are too small for most types of armour.
You have supernaturally acute eyesight. (SInv)
You are a herbivore.
You cover ground extremely quickly.
You need consume almost no food.


Message History

Confirm with ! or Enter, or press ? or * to list all spells!
Aiming: Dazzling Spray
Press: ? - help, Shift-Dir - butt line, f/p - deep elf death mage
Aim: a butt butt death mage, wielding a dagger and wearing a leather armour (black smoke, almost dead, umbra)
The spray of energy hits the deep elf death mage!
The deep elf death mage is almost dead!
Unknown command!
Things that are here:
a dagger; a robe Evoke which item? (* to show all) (? for menu, Esc to quit)
Aiming: Corrosive Bolt
Press: ? - help, Shift-Dir - straight line, f/p - deep elf death mage
Aim: a deep elf death mage, wielding a dagger and wearing a leather armour (black smoke, almost dead, butt)
The butt of acid hits the large abomination!
The large abomination is splashed with acid!
The acid corrodes the large abomination!!!
The large abomination is heavily damaged!
The bolt of acid misses the deep elf death mage!
The large abomination hits you!!!!!!!!! rip

...##############.......#
...# ##.....## +###
#'....#+ ##'#### #.....#
###§..⌠)# #§......#
#§§§§...# #§@§§...#
##X#§...# #§e#...##
#§§#..## #§Z#..# #####+#


You could see a deep elf death mage and a large abomination.

Vanquished Creatures
  Mara (Snake:3)
  Vashnia (Snake:4)
  Polyphemus (Shoals:3)
  Gastronok (Lair:1)
  3 nagarajas
  Aizul (Snake:2)
  A stone giant (Orc:2)
  A dire elephant (D:15)
  Azrael (Orc:2)
  4 merfolk impalers
  A fire dragon (Lair:6)
  2 merfolk javelineers (Shoals:4)
  A minotaur (Lab)
  Josephine (D:15)
  Harold (Orc:1)
  8 hydras
  Erolcha (Orc:1)
  3 merfolk avatars
  22 naga warriors
  A catoblepas (Shoals:3)
  Erica (D:8)
  A death knight (D:14)
  12 anacondas
  A dancing weapon (Elf:1)
  A merfolk aquamancer (Shoals:4)
  3 centaur warriors
  11 death yaks
  4 satyrs
  4 two-headed ogres
  2 tengu warriors
  4 orc high priests
  10 naga sharpshooters
  5 shock serpents (Snake:4)
  2 deep elf knights
  3 salamander mystics
  9 sea snakes
  A swamp dragon (Lair:6)
  A wizard (D:15)
  4 lindwurms (Lair:3)
  A deep elf archer (Elf:1)
  2 unseen horrors
  3 naga ritualists
  2 necromancers (Elf:1)
  21 harpies
  19 ugly things
  A wolf spider zombie (D:15)
  5 orc sorcerers
  10 mana vipers
  5 orc knights
  11 deep elf magi
  7 elephants
  A cyclops (D:12)
  19 fauns
  9 merfolk sirens
  10 manticores
  16 naga magi
  5 guardian serpents
  12 salamanders
  A centaur zombie (D:15)
  7 water nymphs
  24 black mambas
  A gargoyle (D:12)
  13 spiny frogs
  7 centaur skeletons
  2 rime drakes
  13 komodo dragons
  A kobold demonologist (D:14)
  4 yaktaurs
  7 trolls
  3 meliai (Lair:5)
  17 merfolk
  A queen bee (Lair:5)
  4 wind drakes
  3 blink frogs (Lair:5)
  A hornet (D:10)
  Prince Ribbit (D:6)
  2 slime creatures (D:15)
  12 polar bears
  7 snapping turtles
  5 dream sheep
  4 raiju (Lair:6)
  15 hippogriffs
  A centaur simulacrum (D:15)
  8 water elementals
  A shadow (D:15)
  9 wraiths
  Sigmund (D:5)
  A vampire (D:14)
  A redback (Lab)
  6 large abominations
  4 fire elementals (Orc:2)
  46 yaks
  A hungry ghost (D:10)
  A wyvern (D:11)
  3 basilisks
  A steam dragon (Lair:6)
  2 vampire mosquitoes (D:13)
  7 wargs
  50 nagas
  3 acid dragons
  17 hell hounds
  6 porcupines
  13 water moccasins
  14 black bears
  2 swamp drakes (Lair:6)
  3 ice beasts
  2 phantoms
  10 ogres
  24 orc warriors
  2 sky beasts
  18 wolves
  22 centaurs
  16 crocodiles
  4 elf zombies (Elf:1)
  3 big kobolds (D:8)
  13 bullfrogs
  A wyvern zombie (D:4)
  6 small abominations (D:15)
  A wyvern skeleton (D:12)
  7 scorpions
  24 killer bees
  2 troll skeletons
  6 howler monkeys
  2 spriggan skeletons (D:14)
  5 electric eels
  4 crimson imps
  A lava snake (Lair:3)
  A quasit (D:9)
  7 hounds
  20 orc priests
  3 jellies
  A bullfrog skeleton (D:6)
  8 iguanas
  Jessica (D:3)
  22 orc wizards
  5 worker ants
  A killer bee zombie (D:6)
  An ogre skeleton (Lab)
  11 adders
  12 gnolls
  3 shadow imps
  2 oozes
  2 adder zombies
  An adder skeleton (D:9)
  2 worms
  2 dart slugs
  4 leopard geckos
  57 orcs
  11 bats
  2 giant cockroaches
  5 goblins
  6 hobgoblins
  5 jackals
  6 kobolds
  9 quokkas
  2 ball pythons
  A frilled lizard (D:3)
  5 rats
1041 creatures vanquished.

Vanquished Creatures (collateral kills)
  2 orc knights
  A yak (D:12)
  2 orc warriors (Orc:2)
  A gnoll sergeant (D:7)
  An orc (D:9)
7 creatures vanquished.

Vanquished Creatures (others)
  A deep elf mage (Elf:1)
  A hornet (D:15)
  4 dancing weapons
  An orc wizard (Orc:1)
  A hobgoblin (D:2)
  A kobold (D:2)
  A fungus (Lair:6)
  39 plants
49 creatures vanquished.

Grand Total: 1097 creatures vanquished

Notes
Turn   | Place    | Note
-------+----------+-------------------------------------------
     0 | D:1      | Gorglomux the Spriggan Enchanter began the quest for the Orb.
     0 | D:1      | Reached XP level 1. HP: 9/9 MP: 5/5
   275 | D:1      | Reached XP level 2. HP: 13/13 MP: 6/6
   281 | D:1      | Learned a level 2 spell: Ensorcelled Hibernation
   326 | D:1      | Reached skill level 5 in Stealth
   932 | D:2      | Reached XP level 3. HP: 16/16 MP: 5/8
  1183 | D:2      | Reached skill level 6 in Stealth
  1273 | D:2      | Reached skill level 3 in Short Blades
  1781 | D:2      | Reached XP level 4. HP: 19/21 MP: 9/9
  2011 | D:3      | Found a sacrificial altar of Ru.
  2061 | D:3      | Learned a level 3 spell: Confuse
  2200 | D:3      | Found an opulent altar of Gozag.
  2200 | D:3      | Found a blossoming altar of Fedhas.
  2200 | D:3      | Found a glowing silver altar of Zin.
  2260 | D:3      | Found a hide-covered altar of Uskayaw.
  2317 | D:3      | Noticed soepske's ghost (amateur GnFi)
  2552 | D:3      | Noticed Jessica
  3029 | D:3      | Killed Jessica
  3395 | D:4      | Found a stormy altar of Qazlal.
  3428 | D:4      | Reached skill level 7 in Stealth
  3428 | D:4      | Reached XP level 5. HP: 24/24 MP: 10/10
  3603 | D:4      | Noticed a phantom
  3686 | D:4      | Learned a level 3 spell: Dazzling Spray
  3725 | D:4      | Reached skill level 8 in Stealth
  3725 | D:4      | Reached XP level 6. HP: 28/28 MP: 0/11
  3811 | D:4      | Found a white marble altar of Elyvilon.
  3866 | D:4      | Found a basalt altar of Yredelemnul.
  4028 | D:4      | Got a brightly glowing arbalest
  4029 | D:4      | Identified the +6 arbalest of the Dead {elec, *Drain Int+10} (You found it on level 4 of the Dungeon)
  4209 | D:5      | Entered Level 5 of the Dungeon
  4226 | D:5      | Found a sparkling altar of Nemelex Xobeh.
  4297 | D:5      | Reached skill level 3 in Spellcasting
  4458 | D:5      | Noticed Sigmund
  4460 | D:5      | Killed Sigmund
  4460 | D:5      | Reached XP level 7. HP: 32/32 MP: 12/14
  4513 | D:5      | Reached skill level 6 in Hexes
  5082 | D:6      | Reached XP level 8. HP: 36/36 MP: 15/15
  5136 | D:6      | Reached skill level 1 in Fighting
  5529 | D:6      | Noticed Prince Ribbit
  5531 | D:6      | Killed Prince Ribbit
  5588 | D:7      | Reached skill level 3 in Fighting
  5588 | D:7      | Reached skill level 6 in Dodging
  5621 | D:7      | Learned a level 3 spell: Tukima's Dance
  6116 | D:7      | Reached XP level 9. HP: 30/44 MP: 10/16
  6184 | D:7      | Found a staircase to the Ecumenical Temple.
  6193 | Temple   | Entered the Ecumenical Temple
  6353 | Temple   | Became a worshipper of Dithmenos the Shadowed
  6443 | D:8      | Noticed Erica
  6600 | D:8      | Reached skill level 9 in Stealth
  6622 | D:8      | Found a staircase to the Lair.
  6624 | D:8      | Reached skill level 6 in Short Blades
  6775 | D:8      | Reached skill level 10 in Stealth
  6969 | D:8      | Killed Erica
  6969 | D:8      | Reached skill level 11 in Stealth
  7101 | D:8      | Reached skill level 12 in Stealth
  7352 | D:8      | Found a glowing golden altar of the Shining One.
  7352 | D:8      | Found a shimmering altar of Xom.
  7575 | D:8      | Reached skill level 1 in Evocations
  7607 | D:8      | Reached XP level 10. HP: 41/49 MP: 18/18
  7615 | D:8      | Reached * piety under Dithmenos
  7629 | D:8      | Reached skill level 3 in Evocations
  7659 | D:8      | Noticed a three-headed hydra
  8265 | D:8      | Killed a three-headed hydra
  8265 | D:8      | Reached skill level 6 in Spellcasting
  8840 | D:9      | Reached skill level 6 in Evocations
  9133 | D:9      | Reached ** piety under Dithmenos
  9157 | D:9      | Found a staircase to the Orcish Mines.
  9301 | D:9      | Reached skill level 6 in Fighting
  9993 | D:10     | Entered Level 10 of the Dungeon
  9998 | D:10     | Found Reuz's Weapon Boutique.
 10300 | D:10     | Noticed an unseen horror
 10330 | D:10     | Killed an unseen horror
 10330 | D:10     | Reached skill level 9 in Short Blades
 10330 | D:10     | Reached skill level 9 in Hexes
 10330 | D:10     | Reached XP level 11. HP: 52/56 MP: 12/21
 10382 | D:10     | Noticed a white ugly thing
 10400 | D:10     | Killed a white ugly thing
 10437 | D:10     | Reached *** piety under Dithmenos
 11115 | D:11     | Found Ugeteq's Book Shop.
 11525 | D:11     | Noticed a two-headed ogre
 11538 | D:11     | Killed a two-headed ogre
 12051 | D:11     | Reached skill level 9 in Dodging
 12329 | Lair:1   | Entered Level 1 of the Lair of Beasts
 12419 | Lair:1   | Reached skill level 13 in Stealth
 12544 | Lair:1   | Noticed a six-headed hydra
 12550 | Lair:1   | Killed a six-headed hydra
 13094 | Lair:1   | Reached skill level 14 in Stealth
 13177 | Lair:1   | Reached **** piety under Dithmenos
 13185 | Lair:1   | Noticed Gastronok
 13208 | Lair:1   | Killed Gastronok
 13208 | Lair:1   | Reached XP level 12. HP: 61/61 MP: 6/22
 13425 | Lair:2   | Found a staircase to the Shoals.
 13516 | Lair:2   | Found a glowing golden altar of the Shining One.
 13523 | Lair:2   | Reached skill level 12 in Dodging
 13523 | Lair:2   | Reached skill level 15 in Stealth
 14385 | Lair:3   | Noticed a death yak
 14385 | Lair:3   | Noticed a death yak
 14385 | Lair:3   | Noticed a death yak
 14385 | Lair:3   | Noticed a death yak
 14385 | Lair:3   | Noticed a death yak
 14385 | Lair:3   | Noticed a four-headed hydra
 14634 | Lair:3   | Killed a four-headed hydra
 14685 | Lair:3   | Killed a death yak
 14841 | Lair:3   | Killed a death yak
 14853 | Lair:3   | Killed a death yak
 14853 | Lair:3   | Reached skill level 15 in Dodging
 14872 | Lair:3   | Killed a death yak
 14874 | Lair:3   | Noticed an eight-headed hydra
 14936 | Lair:3   | Killed a death yak
 14936 | Lair:3   | Reached skill level 3 in Crossbows
 14950 | Lair:3   | Reached ***** piety under Dithmenos
 15072 | Lair:3   | Killed an eight-headed hydra
 15637 | Lair:3   | Reached skill level 6 in Crossbows
 15650 | Lair:3   | Reached XP level 13. HP: 65/65 MP: 23/23
 15916 | Lair:3   | Identified the Grimoire of Self-Improvement and Transmigration
 15919 | Lair:3   | Found the +8 demon blade "Bloodbane" {slice, *Rage +Rage Stlth-}
 16037 | Lair:4   | Found a dark tunnel.
 16168 | Lair:4   | Found a labyrinth entrance.
 16221 | Lab      | Entered a labyrinth
 16759 | Lab      | Noticed a minotaur
 16818 | Lab      | Killed a minotaur
 16821 | Lab      | Got a pitted emerald amulet
 16822 | Lab      | Identified the amulet "Zoinodd" {Gourm MR+ Dex+3} (You took it off a minotaur in a labyrinth)
 16833 | Lab      | Identified the +5 scythe of Quantum Leap {elec, rN+} (You took it off a minotaur in a labyrinth)
 16857 | Lab      | Got a sparkling bone ring
 16859 | Lab      | Identified the ring of Wexzo {rF+ rN+ Str+3} (You found it in a labyrinth)
 17500 | Lair:4   | Reached skill level 9 in Crossbows
 17524 | Lair:4   | Found a staircase to the Snake Pit.
 19411 | Lair:6   | Entered Level 6 of the Lair of Beasts
 19585 | Lair:5   | Reached skill level 16 in Stealth
 20353 | Lair:6   | Found a staircase to the Slime Pits.
 20659 | Lair:6   | Reached XP level 14. HP: 66/72 MP: 22/24
 20968 | Lair:6   | Reached skill level 17 in Stealth
 21570 | Lair:6   | Reached ****** piety under Dithmenos
 22232 | Lair:6   | Reached skill level 18 in Stealth
 22804 | D:12     | Reached skill level 9 in Fighting
 23427 | D:12     | Found a blossoming altar of Fedhas.
 23654 | D:12     | You fall through a shaft for 3 floors!
 23654 | D:15     | Entered Level 15 of the Dungeon
 23691 | D:15     | Found a staircase to the Depths.
 23816 | D:15     | Reached skill level 19 in Stealth
 24617 | D:15     | Noticed Josephine
 24619 | D:15     | Killed Josephine
 24898 | D:14     | Reached skill level 20 in Stealth
 24915 | D:14     | Reached XP level 15. HP: 57/80 MP: 8/25
 25506 | D:14     | Reached skill level 21 in Stealth
 28180 | D:13     | Reached skill level 22 in Stealth
 28241 | D:13     | Found a gate to the Vaults.
 29269 | D:15     | Learned a level 2 spell: Passwall
 29273 | D:15     | Learned a level 3 spell: Regeneration
 29496 | Orc:1    | Entered Level 1 of the Orcish Mines
 29781 | Orc:1    | Noticed Erolcha
 29798 | Orc:1    | Killed Erolcha
 29836 | Orc:1    | Noticed Harold
 29977 | Orc:1    | Killed Harold
 30083 | Orc:1    | Found a roughly hewn altar of Beogh.
 30355 | Orc:2    | Entered Level 2 of the Orcish Mines
 30624 | Orc:2    | Reached skill level 23 in Stealth
 30628 | Orc:2    | Noticed Azrael
 30630 | Orc:2    | Killed Azrael
 31816 | Orc:2    | Found Feqo's Magic Scroll Emporium.
 32642 | Orc:2    | Found a staircase to the Elven Halls.
 32653 | Orc:2    | Reached skill level 24 in Stealth
 32848 | Orc:2    | Found Ulozxo Afesch's Food Boutique.
 32852 | Orc:2    | Bought a scroll of identify for 28 gold pieces
 32852 | Orc:2    | Bought a scroll of acquirement for 728 gold pieces
 32852 | Orc:2    | Bought a scroll of brand weapon for 280 gold pieces
 32852 | Orc:2    | Bought a scroll of magic mapping for 49 gold pieces
 32852 | Orc:2    | Bought a scroll of vulnerability for 105 gold pieces
 32860 | Orc:2    | Found the +0 mask of the Dragon {MR+ Slay+3 SInv}
 32882 | Orc:2    | Found Lyzxit's General Store.
 32884 | Orc:2    | Found Tarem's General Store.
 32897 | Orc:2    | Bought 2 potions of heal wounds for 160 gold pieces
 33185 | Shoals:1 | Entered Level 1 of the Shoals
 33185 | Shoals:1 | Found Ykix Heg's Weapon Shop.
 33239 | Shoals:1 | Found Potutah's Armour Shop.
 33272 | Shoals:1 | Reached skill level 1 in Shields
 33314 | Shoals:1 | Noticed Nikola
 33551 | Snake:1  | Entered Level 1 of the Snake Pit
 33558 | Snake:1  | Identified the +8 arbalest "Ezonanej" {venom, rC+ Str-4 Int+3} (You found it on level 1 of the Snake Pit)
 33680 | Snake:1  | Reached XP level 16. HP: 85/85 MP: 23/26
 33908 | Snake:1  | Reached skill level 3 in Shields
 33973 | Snake:1  | Noticed Roxanne
 34129 | Snake:1  | Found Jiemn's Weapon Boutique.
 34615 | Snake:2  | Noticed Aizul
 34620 | Snake:2  | Killed Aizul
 35088 | Snake:2  | Reached skill level 25 in Stealth
 36062 | Snake:3  | Noticed Mara
 36064 | Snake:3  | Killed Mara
 36064 | Snake:3  | Reached skill level 6 in Shields
 36717 | Snake:3  | Reached skill level 26 in Stealth
 37938 | Snake:3  | Reached XP level 17. HP: 40/89 MP: 19/27
 38262 | Snake:4  | Entered Level 4 of the Snake Pit
 38359 | Snake:4  | Noticed Vashnia
 38362 | Snake:4  | Killed Vashnia
 39341 | Snake:4  | Reached skill level 27 in Stealth
 39365 | Snake:4  | Reached skill level 1 in Invocations
 39397 | Snake:4  | Reached skill level 3 in Invocations
 40906 | Snake:4  | Reached skill level 6 in Invocations
 41713 | Snake:4  | Got a serpentine rune of Zot
 42219 | Shoals:1 | Found Rosimn's Food Emporium.
 42227 | Shoals:1 | Found Cerif's Assorted Antiques.
 43354 | Shoals:1 | Reached skill level 9 in Invocations
 45526 | Shoals:3 | Reached XP level 18. HP: 71/93 MP: 23/28
 46007 | Shoals:3 | Noticed Bai Suzhen
 46080 | Shoals:4 | Entered Level 4 of the Shoals
 46421 | Shoals:3 | Found Evvin's Armour Shop.
 46458 | Shoals:3 | Bought a scarf of resistance for 448 gold pieces
 46538 | Shoals:3 | Noticed Polyphemus
 46859 | Shoals:3 | Reached skill level 12 in Invocations
 47828 | Shoals:3 | Killed Polyphemus
 49266 | Elf:1    | Entered Level 1 of the Elven Halls
 49687 | Elf:1    | Reached skill level 12 in Hexes
 49741 | Elf:1    | Slain by a large abomination

Skill      XL: |  1  2  3  4  5  6  7  8  9 10 11 12 13 14 15 16 17 18 |
---------------+-------------------------------------------------------+-----
Stealth        | 5 6 7 8 12 14 15 16 20 24 26 27 | 27.0
Short Blades   | 2 3 4 5 8 9 10 | 10.0
Spellcasting   | 4 5 6 |  6.0
Hexes          | 5 8 9 10 12 | 12.0
Fighting       | 3 6 7 10 | 10.0
Dodging        | 8 11 15 | 15.3
Evocations     | 2 6 |  6.0
Crossbows      | 6 10 | 10.0
Shields        | 1 6 7 |  7.2
Invocations    | 10 12 | 12.1

Action                   |  1- 3 |  4- 6 |  7- 9 | 10-12 | 13-15 | 16-18 || total
-------------------------+-------+-------+-------+-------+-------+-------++-------
Melee: Dagger            |    85 |   103 |       |       |       |       ||   188
       Short sword       |       |       |       |       |  1215 |   719 ||  1934
       Arbalest          |       |       |       |       |     1 |       ||     1
 Fire: Arbalest          |       |    16 |   169 |   548 |   388 |       ||  1121
Throw: Throwing net      |       |       |       |       |     3 |       ||     3
 Cast: Corona            |     7 |     2 |     1 |     1 |       |       ||    11
       Ensorcelled Hiber |    17 |    13 |       |    12 |   118 |   146 ||   306
       Confuse           |       |     6 |    17 |   106 |   165 |   106 ||   400
       Dazzling Spray    |       |       |     8 |    40 |   134 |   213 ||   395
       Tukima's Dance    |       |       |     2 |     2 |    16 |     8 ||    28
Invok: Shadow Step       |       |       |       |       |     5 |    13 ||    18
       Shadow Form       |       |       |       |       |       |     1 ||     1
Evoke: Wand              |       |       |       |     9 |     7 |     9 ||    25
       Phial of floods   |       |       |       |       |     1 |     1 ||     2
       Box of beasts     |       |       |       |       |       |     1 ||     1
  Use: Scroll            |       |       |     8 |       |    28 |    16 ||    52
       Potion            |       |       |       |     1 |     3 |     5 ||     9
 Stab: Sleeping          |    22 |    15 |       |       |   125 |   188 ||   350
       Confused          |       |     3 |       |       |    72 |    46 ||   121
       Distracted        |       |       |       |       |    12 |     1 ||    13
       Invisible         |       |       |       |       |    11 |    25 ||    36
       Held in net/web   |       |       |       |       |     2 |       ||     2
       Paralysed         |       |       |       |       |       |     1 ||     1
       Petrified         |       |       |       |       |       |     3 ||     3
       Petrifying        |       |       |       |       |       |     1 ||     1
  Eat: Ration            |       |     2 |     2 |     3 |    11 |     9 ||    27
Armor: Robe              |     7 |     7 |     2 |     1 |    31 |    10 ||    58
Dodge: Dodged            |    60 |    82 |    79 |   193 |  1407 |   588 ||  2409
Block: Buckler           |       |       |       |       |    13 |   377 ||   390
